 Dungeon Crawl Stone Soup version 0.18.1-48-g4cf74bf (webtiles) character file.

11 Inkary the Ruffian (level 2, 0/25 HPs)
             Began as a Naga Transmuter on July 21, 2016.
             Slain by a hobgoblin
             ... wielding a +0 club
              (6 damage)
             ... on level 1 of the Dungeon.
             The game lasted 00:01:22 (376 turns).

Inkary the Ruffian (Naga Transmuter)                 Turns: 376, Time: 00:01:23

Health: 0/25       AC:  1    Str: 12    XL:     2   Next: 29%
Magic:  3/5        EV: 10    Int: 13    God:
Gold:   8          SH:  0    Dex: 11    Spells: 1 memorised, 4 levels left

rFire  . . .     SeeInvis +       - Unarmed
rCold  . . .     Gourm    .     b - +0 robe
rNeg   . . .     Faith    .     (no shield)
rPois  +         Spirit   .     (no helmet)
rElec  .         Dismiss  .     (no cloak)
rCorr  .         Reflect  .     (no gloves)
SustAt .         Harm     .     (no barding)
MR     .....                    (no amulet)
Stlth  ++........               (no ring)
                                (no ring)

@: very slightly contaminated, very slow, not resistant to hostile enchantments,
unstealthy
A: see invisible, deformed body, poison resistance, slowness 2, slow metabolism
1, spit poison 2, AC +0
a: Spit Poison


You were on level 1 of the Dungeon.
You were not hungry.

You visited 1 branch of the dungeon, and saw 1 of its levels.

You collected 8 gold pieces.

Inventory:

Missiles
 a - 12 arrows
Armour
 b - a +0 robe (worn)
Jewellery
 g - a cursed amulet of inaccuracy {unknown}
Scrolls
 e - a scroll of identify {unknown}
Books
 c - a book of Changes

   Spells                             Type                      Level
   a - Beastly Appendage              Transmutation                1
   b - Sticks to Snakes               Transmutation                2
   c - Spider Form                    Transmutation/Poison         3
   d - Ice Form                       Ice/Transmutation            4
   e - Blade Hands                    Transmutation                5
Comestibles
 d - a bread ration
 f - 3 chunks of flesh


   Skills:
 + Level 1.3 Fighting
 - Level 1.7 Dodging
 + Level 1.4 Stealth
 + Level 3.1 Unarmed Combat
 - Level 2.0 Spellcasting
 + Level 2.0 Transmutations


You had 4 spell levels left.
You knew the following spells:

 Your Spells              Type           Power        Failure   Level  Hunger
a - Beastly Appendage     Trmt           #.....       12%         1    ##.....


Dungeon Overview and Level Annotations

Branches:
Dungeon (1/15)

Altars:


Innate Abilities, Weirdness & Mutations

You cannot wear boots.
Your serpentine skin is tough (AC +0).
You have supernaturally acute eyesight.
Armour fits poorly on your strangely shaped body.
Your system is resistant to poisons.
You cover ground very slowly.
You have a slow metabolism.
You can spit poison.


Message History

The goblin barely misses you.
Found 14 stones.
You barely miss the goblin. Your headbutt misses the goblin.
You closely miss the goblin. Your headbutt misses the goblin.
The goblin hits you with a club. The hobgoblin hits you with a club.
You punch the goblin!
You kill the goblin!
The hobgoblin hits you with a club.
You barely miss the hobgoblin. The hobgoblin hits you with a club.
You closely miss the hobgoblin. You barely miss the hobgoblin.
Your horns disappear.
The hobgoblin hits you with a club.
* * * LOW HITPOINT WARNING * * *
You are too injured to fight recklessly!
You are too injured to fight recklessly!
You are too injured to fight recklessly!
You are too injured to fight recklessly!
You barely miss the hobgoblin. The hobgoblin hits you with a club.
You die...

.## ## ... ... # #..
#.#.# ## ##
#########.#.##.. .#
#.......#..... #
#.###.#####.###.##.##...
#.##.##........@gr...#
#.......##.####)#.....(
##.##.#####.# .........
#.###.# #.# .#........
.## #.. ..##.#.###...#
## #### #### #.# ... #.#
## #..


You could see a hobgoblin and a rat.

Vanquished Creatures
  A dart slug (D:1)
  A giant gecko (D:1)
  4 goblins (D:1)
  A hobgoblin (D:1)
7 creatures vanquished.

Notes
Turn   | Place    | Note
--------------------------------------------------------------
     0 | D:1      | Inkary the Naga Transmuter began the quest for the Orb.
     0 | D:1      | Reached XP level 1. HP: 18/18 MP: 3/3
   170 | D:1      | Reached skill level 1 in Stealth
   170 | D:1      | Reached XP level 2. HP: 13/25 MP: 3/5
   376 | D:1      | Slain by a hobgoblin

Skill      XL: |  1 |
---------------+----+-----
Stealth        | 1 |  1.4
Fighting       | |  1.3
Dodging        | |  1.7
Unarmed Combat | |  3.1
Spellcasting   | |  2.0
Transmutations | |  2.0

Action                   || total
-------------------------++-------
Melee: Unarmed           ||    39
       Headbutt          ||     2
 Cast: Beastly Appendage ||     4
 Abil: Spit Poison       ||     1
 Stab: Sleeping          ||     1
Armor: Robe              ||     1
Dodge: Dodged            ||    17
